 Dungeon Crawl Stone Soup version 0.21-a0-401-g0b6bec4 (webtiles) character file.

69 riteheju the Sneak (level 4, -3/22 HPs)
             Began as a Spriggan Assassin on Oct 25, 2017.
             Slain by an ogre
             ... wielding a cursed +0 giant spiked club
              (25 damage)
             ... on level 3 of the Dungeon.
             The game lasted 00:06:34 (1711 turns).

riteheju the Sneak (Spriggan Assassin)              Turns: 1711, Time: 00:06:34

Health: -3/22      AC:  3    Str:  7    XL:     4   Next: 2%
Magic:  5/5        EV: 17    Int: 12    God:
Gold:   60         SH:  0    Dex: 18    Spells: 3/3 levels left

rFire    . . .     SeeInvis +   m - +1 short sword (flame)
rCold    . . .     Gourm    .   (shield restricted)
rNeg     . . .     Faith    .   h - +0 robe
rPois    .         Spirit   .   (helmet restricted)
rElec    .         Reflect  .   d - +0 cloak
rCorr    .         Harm     .   (gloves unavailable)
MR       .....                  (boots unavailable)
Stlth    ++++......             (no amulet)
HPRegen  0.07/turn              (no ring)
MPRegen  0.09/turn              (no ring)

@: very quick
A: unfitting armour, see invisible, herbivore 3, speed 3, slow metabolism 2
a: no special abilities


You were on level 3 of the Dungeon.
You were not hungry.

You visited 1 branch of the dungeon, and saw 3 of its levels.

You collected 60 gold pieces.

Inventory:

Hand Weapons
 a - a +2 dagger
 b - a +0 blowgun
 m - a +1 short sword of flaming (weapon)
Missiles
 e - 8 poisoned needles
 f - 2 curare-tipped needles
 i - 21 bolts
 j - 53 stones (quivered)
 o - 8 needles of confusion
Armour
 c - a +0 robe
 d - a +0 cloak (worn)
 h - a +0 robe (worn)
Scrolls
 n - a scroll of random uselessness {unknown}
 p - a scroll of blinking {unknown}
 r - a scroll of remove curse {unknown}
 s - 2 scrolls of fear {unknown}
 t - a scroll of fog {unknown}
 v - a scroll of magic mapping {unknown}
 w - a scroll of amnesia {unknown}
Potions
 q - a potion of degeneration {unknown}
 u - a potion of might {unknown}
Comestibles
 g - a bread ration
 k - 3 royal jellies
 l - 2 fruits


   Skills:
 - Level 1.5 Fighting
 * Level 3.4 Short Blades
 - Level 2.0 Throwing
 - Level 1.5 Dodging
 + Level 7.6 Stealth


You had 3 spell levels left.
You didn't know any spells.

Dungeon Overview and Level Annotations

Branches:
Dungeon (3/15)

Altars:
Vehumet


Innate Abilities, Weirdness & Mutations

You are very small and have problems with some larger weapons.
You are too small for most types of armour.
You have supernaturally acute eyesight. (SInv)
You are a herbivore.
You cover ground extremely quickly.
You need consume almost no food.


Message History

The ogre is heavily wounded.
You barely miss the ogre.
The ogre is heavily wounded.
The ogre closely misses you.
You hit the ogre. You burn the ogre.
The ogre is heavily wounded.
The ogre closely misses you.
Press: ? - help, v - describe, . - travel, g - get item A stone.
The floor.
You hit the ogre. You burn the ogre.
The ogre is severely wounded.
You hit the ogre. You burn the ogre.
The ogre is severely wounded.
The ogre barely misses you.
You hit the ogre but do no damage.
The ogre is severely wounded.
The ogre hits you with a giant spiked club!!
Ouch! That really hurt!
You die...

..#.# ###o...#
#.....o#
##.#####.....#
.............#
#.#.# # #.#.#
#.####.#.#########
#....(....(O@....#
######.#.#######<#
#.J.....# #.#
#.###.### #.# #.#
#.# #.# #.# #.#
#.# #.# #.# .?#
#.#


You could see an ogre.

Vanquished Creatures
  3 adders (D:2)
  A dart slug (D:1)
  2 leopard geckos
  A ball python (D:2)
  7 bats
  A giant cockroach (D:1)
  3 goblins (D:1)
  4 hobgoblins
  6 jackals (D:1)
  A frilled lizard (D:3)
  3 kobolds
  4 rats
36 creatures vanquished.

Notes
Turn   | Place    | Note
-------+----------+-------------------------------------------
     0 | D:1      | riteheju the Spriggan Assassin began the quest for the Orb.
     0 | D:1      | Reached XP level 1. HP: 10/10 MP: 2/2
    81 | D:1      | Reached skill level 6 in Stealth
   284 | D:1      | Reached XP level 2. HP: 7/14 MP: 3/3
   697 | D:1      | Reached skill level 7 in Stealth
   724 | D:1      | You fall through a shaft!
   724 | D:2      | Found a radiant altar of Vehumet.
   772 | D:2      | Reached XP level 3. HP: 18/18 MP: 4/4
  1468 | D:2      | Reached XP level 4. HP: 22/22 MP: 5/5
  1687 | D:3      | Noticed an ogre
  1711 | D:3      | Slain by an ogre

Vault maps used:
D:1:      eino_arrival_cavern_c, solitary_fountain
D:2:      vehumet_crystals
D:3:      first_bread, hangedman_decor_push

Skill      XL: |  1  2  3 |
---------------+----------+-----
Stealth        | 6 7 |  7.6
Short Blades   | 3 |  3.4
Fighting       | |  1.5
Throwing       | |  2.0
Dodging        | |  1.5

Action                   |  1- 3 |  4- 6 || total
-------------------------+-------+-------++-------
Melee: Short sword       |    70 |    12 ||    82
       Dagger            |     9 |       ||     9
Throw: Stone             |     6 |     3 ||     9
 Stab: Sleeping          |    11 |       ||    11
Armor: Robe              |    11 |       ||    11
Dodge: Dodged            |    64 |     8 ||    72

Table legend:
 A = Spawn XP
 B = Non-spawn XP
 C = Spawn XP percentage of total XP
 D = Spawn monster count
 E = Non-spawn monster count
 F = Spawn count percentage of total count
 G = Total turns spent on level
                    A         B        C        D         E        F      G
               +---------+---------+-------+---------+---------+-------+---------
         Total |       0 |      99 |   0.0 |       0 |      36 |   0.0 |  1711
               +---------+---------+-------+---------+---------+-------+---------
           D:1 |       0 |      45 |   0.0 |       0 |      24 |   0.0 |   963
           D:2 |       0 |      53 |   0.0 |       0 |      11 |   0.0 |   703
           D:3 |       0 |       1 |   0.0 |       0 |       1 |   0.0 |    45
               +---------+---------+-------+---------+---------+-------+---------
